 Dungeon Crawl Stone Soup version 0.26-a0-504-g0cf647090d (webtiles) character file.

Game seed: 3091857153187496308

7 Ge0ff the Grasshopper (level 2, -2/23 HPs)
             Began as a Barachi Warper on Aug 8, 2020.
             Slain by a scorpion (3 damage)
             ... on level 5 of the Dungeon.
             The game lasted 00:02:26 (184 turns).

Ge0ff the Grasshopper (Barachi Warper)               Turns: 184, Time: 00:02:27

Health: -2/23      AC:  3    Str: 12    XL:     2   Next: 0%
Magic:  5/5        EV: 14    Int: 15    God:
Gold:   31         SH:  0    Dex: 11    Spells: 5/5 levels left

rFire    . . .     SeeInvis .     - Unarmed
rCold    . . .     Faith    .   (no shield)
rNeg     . . .     Spirit   .   a - +0 leather armour
rPois    +         Reflect  .   (no helmet)
rElec    .         Harm     .   (no cloak)
rCorr    .                      (no gloves)
MR       .....                  (no boots)
Stlth    +.........             (no amulet)
HPRegen  0.07/turn              D - ring of poison resistance
MPRegen  0.09/turn              (no ring)

@: can't hop, slow
A: +LOS, swims, repulsion field 1, clever 1, deterioration 1, slowness 1,
subdued magic 1, strong legs 1
a: Hop


You were on level 5 of the Dungeon.
You visited 1 branch of the dungeon, and saw 5 of its levels.

You collected 31 gold pieces.

Inventory:

Missiles
 d - 5 boomerangs of dispersal (quivered) {don't train}
Armour
 a - a +0 leather armour (worn)
 F - a +0 pair of gloves
 K - a +0 plate armour
Jewellery
 D - a ring of poison resistance (left hand)
 I - a cursed ring of attention {unknown}
Scrolls
 B - a scroll of blinking
 G - a scroll of magic mapping {unknown}
 H - a scroll of teleportation {unknown}
Potions
 E - a potion of lignification {unknown}
 J - a potion of might {unknown}


   Skills:
 - Level 2.4 Fighting
 - Level 1.0 Throwing
 - Level 1.2 Armour
 - Level 2.1 Dodging
 + Level 2.9 Unarmed Combat
 - Level 2.1 Spellcasting
   Level 3.2 Translocations


You had 5 spell levels left.
You didn't know any spells.
Your spell library contained the following spells:

 Spells                   Type           Power        Failure   Level
 Blink                    Tloc           N/A          9%          2
 Gell's Gravitas          Tloc           #.........   19%         3
 Lesser Beckoning         Tloc           #.........   19%         3
 Teleport Other           Tloc           #.......     19%         3
 Corona                   Hex            #......      24%         1
 Ensorcelled Hibernation  Hex/Ice        #.....       34%         2
 Passage of Golubria      Tloc           N/A          52%         4
 Confusing Touch          Hex            #.......     58%         3
 Dazzling Flash           Conj/Hex       #.....       58%         3
 Tukima's Dance           Hex            #.......     58%         3


Dungeon Overview and Level Annotations

Branches:
Dungeon (5/15)
 Temple: D:4-7

Altars:
Dithmenos

Annotations:
D:4 1 runed translucent door


Innate Abilities, Weirdness & Mutations

You can be seen from farther away. (+LOS)
You can swim through water.
You cover ground slowly.
You can hop short distances.
You are surrounded by a mild repulsion field. (EV +2)
Your mind is acute. (Int +2)
Your body sometimes deteriorates upon taking damage.
Your spells are a little easier to cast, but a little less powerful.


Message History

A scorpion comes into view.
There is a stone staircase leading up here.
Use which ability? (? or * to list)
Your legs are too worn out to hop. x2
Press: ? - help, Dir - move target cursor Boing!
You open the large door.
Found 12 gold pieces and a plate armour.
Use which ability? (? or * to list)
Your legs are too worn out to hop. x2
Press: ? - help, Dir - move target cursor Boing!
You see here 12 gold pieces.
You now have 31 gold pieces (gained 12).
The scorpion stings you.
* * * LOW HITPOINT WARNING * * *
You see here a plate armour.
K - a plate armour The scorpion stings you.
You die...

##### #
#...###.
#......
######....#
#.........#
#.@s.....#
#......'#######
#......'.....<#
#......########
###...## #...#
#...# #...#
#####


You could see a scorpion.

Vanquished Creatures
  A dart slug (D:3)
  A giant cockroach (D:2)
  A goblin (D:4)
  A ball python (D:2)
  A kobold (D:2)
5 creatures vanquished.

Notes
Turn   | Place    | Note
-------+----------+-------------------------------------------
     0 | D:1      | Ge0ff the Barachi Warper began the quest for the Orb.
     0 | D:1      | Reached XP level 1. HP: 17/17 MP: 3/3
   136 | D:4      | Reached XP level 2. HP: 10/23 MP: 5/5
   140 | D:4      | Gained mutation: You are surrounded by a mild repulsion
                  | field. (EV +2) [potion of mutation]
   140 | D:4      | Gained mutation: Your body sometimes deteriorates upon
                  | taking damage. [potion of mutation]
   140 | D:4      | Gained mutation: Your spells are a little easier to cast,
                  | but a little less powerful. [potion of mutation]
   140 | D:4      | Gained mutation: Your mind is acute. (Int +2) [potion of
                  | mutation]
   168 | D:4      | Found a shadowy altar of Dithmenos.
   171 | D:4      | Found a runed translucent door.
   174 | D:5      | Entered Level 5 of the Dungeon
   174 | D:5      | Noticed a scorpion
   183 | D:5      | HP: 1/23 [scorpion (5)]
   184 | D:5      | Slain by a scorpion

Illustrated notes

Levels and vault maps discovered:
D:1:      dpeg_arrival_houses_and_road, layout_basic
D:2:      layout_rooms
D:3:      layout_loops_ring, kennysheep_vampire_church,
          overflow_temple_1_default
D:4:      layout_cave_pods, nicolae_dithmenos_through_a_glass_darkly,
          marbit_many_paths, minmay_temple_entry_proselytizer,
          ebering_ghost_sewer_f, uniq_crazy_yiuf_cottage
D:5:      minmay_chambers_of_fours, layout_basic

Action                   || total
-------------------------++-------
Melee: Unarmed           ||    14
 Abil: Hop               ||    29
  Use: Potion            ||     1
 Stab: Sleeping          ||     1
Armor: Leather armour    ||     3
Dodge: Dodged            ||    10

Table legend: (Time is in decaauts)
 A = Elapsed time spent in this place.
 B = Non-inter-level travel time spent in this place.
 C = Inter-level travel time spent in this place.
 D = Time resting spent in this place.
 E = Time spent auto-exploring this place.
 F = Levels seen in this place.
 G = Mean time per level.
                   A        B        C        D        E       F      G
               +--------+--------+--------+--------+--------+-----+--------+
         Total |    203 |    203 |      0 |      0 |      0 |   5 |   40.6 |
       Dungeon |    203 |    203 |      0 |      0 |      0 |   5 |   40.6 |
               +--------+--------+--------+--------+--------+-----+--------+

Top non-repeatable levels by time:
     D:2: 72 daAuts
     D:3: 47 daAuts
     D:4: 42 daAuts
     D:1: 29 daAuts
     D:5: 10 daAuts
